 Dungeon Crawl Stone Soup version 0.30-a0-528-g8c47a4955b (webtiles) character file.

Game seed: 6933620988265164583

15 NinjaNoafa the Grasshopper (level 2, 26/26 HPs)
             Began as a Gnoll Warper on Dec 23, 2022.
             Was a Follower of Trog.
             Quit the game on level 1 of the Dungeon.
             The game lasted 00:02:34 (686 turns).

NinjaNoafa the Grasshopper (Gnoll Warper)            Turns: 686, Time: 00:02:34

Health: 26/26      AC:  3    Str: 10    XL:     2   Next: 50%
Magic:  7/7        EV: 12    Int: 12    God:    Trog [*.....]
Gold:   0          SH:  0    Dex: 11    Spells: 7/10 levels left

rFire   . . .      SeeInvis .    a - +0 mace
rCold   . . .      Faith    .    (no shield)
rNeg    . . .      Spirit   .    b - +0 leather armour
rPois   .          Reflect  .    (no helmet)
rElec   .          Harm     .    (no cloak)
rCorr   .          Rampage  .    (no gloves)
Will    .....                    (no boots)
Stlth   +                        (no amulet)
HPRegen 0.24/turn                (no ring)
MPRegen 0.10/turn                (no ring)

@: no status effects
A: fangs 1, strong nose, distributed training
a: Renounce Religion, Berserk


You were on level 1 of the Dungeon.
You worshipped Trog.
Trog was aware of your devotion.
You visited 1 branch of the dungeon, and saw 1 of its levels.

Inventory:

Hand Weapons
 a - a +0 mace (weapon)
Missiles
 d - 7 boomerangs of dispersal
 g - 5 boomerangs (quivered)
Armour
 b - a +0 leather armour (worn)
Scrolls
 c - a scroll of blinking
 f - a scroll of fear {unknown}
 j - a scroll of magic mapping {unknown}
 k - a scroll of identify {unknown}
Potions
 e - 3 potions of curing {unknown}
 h - 2 potions of heal wounds {unknown}
 i - a potion of ambrosia {unknown}


   Skills:
 + Level 4.5 Fighting
 + Level 0.5 Short Blades
 + Level 0.5 Long Blades
 + Level 0.5 Axes
 + Level 4.5 Maces & Flails
 + Level 0.5 Polearms
 + Level 0.5 Staves
 + Level 0.5 Ranged Weapons
 + Level 2.5 Throwing
 + Level 2.5 Armour
 + Level 4.5 Dodging
 + Level 0.5 Stealth
 + Level 0.5 Shields
 + Level 0.5 Unarmed Combat
 + Level 4.9 Spellcasting
 + Level 0.3 Conjurations
 + Level 0.3 Hexes
 + Level 0.3 Summonings
 + Level 0.3 Necromancy
 + Level 5.3 Translocations
 + Level 0.3 Transmutations
 + Level 0.3 Fire Magic
 + Level 0.3 Ice Magic
 + Level 0.3 Air Magic
 + Level 0.3 Earth Magic
 + Level 0.3 Poison Magic
 + Level 0.6 Invocations
 + Level 0.5 Evocations


You had 7 spell levels left.
You knew the following spells:

 Your Spells              Type           Power      Damage    Failure   Level
a - Blink                 Tloc           30%        N/A       4%          2
b - Apportation           Tloc           30%        N/A       3%          1

Your spell library contained the following spells:

 Spells                   Type           Power      Damage    Failure   Level
 Lesser Beckoning         Tloc           30%        N/A       9%          3
 Teleport Other           Tloc           15%        N/A       9%          3
 Necrotise                Necr           12%        1d4       22%         1
 Summon Small Mammal      Summ           12%        N/A       22%         1
 Vhi's Electric Charge    Tloc/Air       18%        N/A       24%         3
 Manifold Assault         Tloc           15%        N/A       28%         4


Dungeon Overview and Level Annotations

Branches:
Dungeon (1/15)

Altars:
Trog


Innate Abilities, Weirdness & Mutations

You have very sharp teeth.
Your uncanny sense of smell can sniff out nearby items.
Your experience applies equally to all skills.


Message History

h - 2 cyan potions (gained 1) Key pressed, stopping explore.
You open the door.
There is an open door here.
Key pressed, stopping explore.
A kobold comes into view. It is wielding a +0 short sword.
The kobold shouts!
The kobold throws a stone.
The stone hits you.
A kobold is nearby!
You barely miss the kobold.
The kobold hits you with a +0 short sword.
You hit the kobold.
You kill the kobold!
Trog accepts your kill.
Things that are here:
a +0 short sword; 3 stones
Found a pair of gloves.
You see here a +0 pair of gloves.
Key pressed, stopping explore.
There is a stone staircase leading down here.
You see here a ball python corpse.
Key pressed, stopping explore.
You see here a +0 spear.
You see here a +0 war axe.
An endoplasm comes into view.
Saving game... please wait.
Welcome back, NinjaNoafa the Gnoll Warper.
Trog says: Kill them all!
Press ? for a list of commands and other information.
The helpless endoplasm fails to defend itself.
You hit the endoplasm.
The endoplasm is heavily wounded.
The endoplasm hits you but does no damage.
The endoplasm barely misses you.
You hit the endoplasm.
You kill the endoplasm!
Trog accepts your kill.
A rat comes into view.
A rat is nearby!
Are you sure you want to abandon this character and quit the game? (Confirm with "yes".)

#.r...# #.....#
######## #.....#
#....... .#
#.....# #.######
...#.....# #.#
#.......# #.#
#......# #.#
#...@.# #.#
#.....#### #.#
#........## #.#
########..####.#
#
∆..............#
###
###########.###
##.. #>..# #..#
###.###.##
#..##.#


You could see a rat (asleep).

Vanquished Creatures
  A dart slug (D:1)
  2 ball pythons (D:1)
  An endoplasm (D:1)
  2 hobgoblins (D:1)
  2 bats (D:1)
  2 kobolds (D:1)
  2 rats (D:1)
12 creatures vanquished.

Notes
Turn   | Place    | Note
-------+----------+-------------------------------------------
     0 | D:1      | NinjaNoafa the Gnoll Warper began the quest for the Orb.
     0 | D:1      | Reached XP level 1. HP: 20/20 MP: 6/6
   258 | D:1      | Reached XP level 2. HP: 14/26 MP: 7/7
   484 | D:1      | Learned a level 2 spell: Blink
   486 | D:1      | Learned a level 1 spell: Apportation
   490 | D:1      | Found a faded altar of an unknown god.
   509 | D:1      | Prayed at the altar of an unknown god.
   509 | D:1      | Became a worshipper of Trog the Wrathful
   509 | D:1      | Reached * piety under Trog
   686 | D:1      | Quit the game

Illustrated notes

Levels and vault maps discovered:
D:1:      giann_horns, layout_basic, dreamdust_ecumenical_altar_statues,
          dreamdust_princess_corridor, minmay_liquid_box

Action                   || total
-------------------------++-------
Melee: Mace              ||    27
       Bite              ||     2
Throw: Boomerang         ||     1
 Stab: Sleeping          ||     1
Armor: Leather armour    ||     4
Dodge: Dodged            ||    18

Table legend: (Time is in decaauts)
 A = Elapsed time spent in this place.
 B = Non-inter-level travel time spent in this place.
 C = Inter-level travel time spent in this place.
 D = Time resting spent in this place.
 E = Time spent auto-exploring this place.
 F = Levels seen in this place.
 G = Mean time per level.
                   A        B        C        D        E       F      G
               +--------+--------+--------+--------+--------+-----+--------+
         Total |    691 |    691 |      0 |      0 |    581 |   1 |  691.0 |
       Dungeon |    691 |    691 |      0 |      0 |    581 |   1 |  691.0 |
               +--------+--------+--------+--------+--------+-----+--------+

Top non-repeatable levels by time:
     D:1: 691 daAuts
